[Event "Live Chess"]
[Site "Chess.com"]
[Date "2023.05.20"]
[Round "-"]
[White "JackRudd"]
[Black "ACx04"]
[Result "1-0"]
[WhiteElo "2400"]
[BlackElo "433"]
[TimeControl "300"]
[EndTime "10:12:10 PDT"]
[Termination "JackRudd won by checkmate"]

1. d4 d5 2. c4 dxc4 3. Nf3 Bf5 4. Nc3 Nf6 5. Qa4+ Qd7 6. Qxc4 e6 7. Ne5 Ne4 8. Nxd7 Ke7 9. Nxb8 Rxb8 10. Qxc7+ Kf6 11. Nxe4+ Bxe4 12. Qe5+ Ke7 13. Qxb8 g6 14. Bf4 Bg7 15. Bd6+ Kf6 16. Be5+ Kf5 17. g4+ Kxg4 18. f3+ Kg5 19. Bf4+ Kf6 20. Qe5+ Ke7 21. Qc7+ Kf6 22.
fxe4 Bf8 23. Qd8+ Kg7 24. Be5+ f6 25. Qxf6+ Kh6 26. Qh4# 1-0

[Event "Live Chess"]
[Site "Chess.com"]
[Date "2023.05.20"]
[Round "-"]
[White "DenDenTie"]
[Black "VovaOvchar1990"]
[Result "0-1"]
[WhiteElo "1176"]
[BlackElo "1190"]
[TimeControl "300"]
[EndTime "10:12:20 PDT"]
[Termination "VovaOvchar1990 won on time"]

1. e4 e5 2. Nf3 Bb4 3. Bc4 Nc6 4. Nc3 Nf6 5. d3 Bxc3+ 6. bxc3 O-O 7. Bg5 h6 8. Bh4 b6 9. O-O Bb7 10. Re1 Qe7 11.
d4 exd4 12. Nxd4 Nxd4 13. Qxd4 c5 14. Qd3 Bxe4 15. Rxe4 Qxe4 16. Bxf6 Qxd3 17. cxd3 gxf6 18. Re1 Rfe8 19. Rd1 Re2 20. d4 Rxa2 21. Bxa2 cxd4 22.
Rxd4 a5 23. h3 Kg7 24. Rxd7 b5 25. Rxf7+ Kg6 26. Rb7 b4 27. cxb4 axb4 28. Bb1+ Kg5 29. Rxb4 Ra1 30. Kh2 f5 31. Bd3 f4 32. Rb5+ Kf6 33.
g3 fxg3+ 34. fxg3 Ra2+ 35. Kh1 Rd2 36. g4 Rxd3 37. h4 Rd4 0-1

[Event "Live Chess"]
[Site "Chess.com"]
[Date "2023.05.20"]
[Round "-"]
[White "Leonid_Starozhilov"]
[Black "ReeceHockton"]
[Result "1-0"]
[WhiteElo "2657"]
[BlackElo "331"]
[TimeControl "300"]
[EndTime "10:12:22 PDT"]
[Termination "Leonid_Starozhilov won by resignation"]

1. b3 b6 2. Bb2 Bb7 3. h4 Nf6 4. h5 g6 5. hxg6 Bg7 6. gxf7+ Kxf7 7. Nf3 h5 8. d3 c5 9. e4 e5 10. Nxe5+ Ke6 11. Be2 Nxe4 12. dxe4 Bxe4 13. f4 Bxg2 14. Rh2 Bd5 15. Nc3 Bxe5 16. Qxd5+ Ke7 17. Qxe5+ Kf8 18.
Qxh8+ Ke7 19. Qe5+ 1-0

[Event "Live Chess"]
[Site "Chess.com"]
[Date "2023.05.20"]
[Round "-"]
[White "mattihelenius2"]
[Black "LaupMiths"]
[Result "0-1"]
[WhiteElo "445"]
[BlackElo "1827"]
[TimeControl "300"]
[EndTime "10:12:32 PDT"]
[Termination "LaupMiths won by resignation"]

1. d4 d5 2. c3 c5 3. e3 e6 4. Bb5+ Bd7 5. Na3 Bxb5 6. Nxb5 a6 7.
Na3 Nc6 8. Nf3 Nf6 9. Ne5 Rc8 10.
O-O Nxe5 11. dxe5 Ng4 12. Qxg4 h5 13. Qd1 Qg5 14. g3 Qxe5 15. Nc2 Bd6 16. Qf3 h4 17. Qg2 hxg3 18. hxg3 Ke7 19. e4 dxe4 20. Ne3 b5 21. b3 Rh7 22. Bb2 Rch8 23. c4 Qh5 24. f3 exf3 25.
Rxf3 Qh1+ 26. Kf2 Qxg2+ 27. Nxg2 Rh2 28. Kg1 f6 29. Rb1 Rh1+ 30. Kf2 Rxb1 31. Ne3 Rxb2+ 32. Ke1 Rh1+ 33. Nf1 Rb1+ 34. Ke2 Rbxf1 35. Rxf1 Rxf1 36. Kxf1 Bxg3 37. Kg2 Bd6 38. Kf3 g5 39. cxb5 axb5 40. Ke4 f5+ 41. Kf3 g4+ 42. Ke3 Kf6 43. Kd3 Ke5 44. a4 bxa4 45. bxa4 Kd5 46. Kc3 Bc7 47. Kb3 Ba5 48. Ka3 g3 49. Kb3 g2 0-1

[Event "Live Chess"]
[Site "Chess.com"]
[Date "2023.05.20"]
[Round "-"]
[White "seasidecastle27"]
[Black "f4nomore"]
[Result "1-0"]
[WhiteElo "1778"]
[BlackElo "1365"]
[TimeControl "300"]
[EndTime "10:12:33 PDT"]
[Termination "seasidecastle27 won - game abandoned"]

1. d4 g6 2. e4 Bg7 3. Be3 d6 4. Nc3 Nf6 5. Qd2 Ng4 6. Bg5 f6 7. Bh4 O-O 8. f3 Bh6 9. Qe2 Ne3 10. Bf2 Nxf1 11. Kxf1 Nc6 12. Rd1 e5 13. Qc4+ Kg7 14. d5 Ne7 15. h4 a6 16. g4 Bf4 17. Nge2 b5 18. Qd3 b4 19. Nxf4 exf4 20. Ne2 a5 21.
Nxf4 Ba6 22. Ne6+ Kh8 23. Nxd8 Bxd3+ 24. cxd3 Rfxd8 25. Rc1 Rdc8 26. Ke2 c6 27. dxc6 Nxc6 28. Rc4 Ne5 29. Rxc8+ Rxc8 30. d4 Rc2+ 31. Ke3 Nc4+ 32. Kd3 Rxf2 33. Kxc4 Rxb2 34. Kd5 Rxa2 35. Kxd6 Rf2 36.
Ra1 Rxf3 37. Rxa5 Rf4 38. Kd5 Rxg4 39. e5 fxe5 40. dxe5 Kg7 41. Ra7+ Kf8 42. e6 Rxh4 43. Rb7 h5 44. Kd6 Rd4+ 45. Ke5 1-0

[Event "Live Chess"]
[Site "Chess.com"]
[Date "2023.05.20"]
[Round "-"]
[White "vinni3012"]
[Black "Outspanner"]
[Result "1-0"]
[WhiteElo "1865"]
[BlackElo "1554"]
[TimeControl "300"]
[EndTime "10:12:40 PDT"]
[Termination "vinni3012 won by checkmate"]

1. d4 d6 2. c4 Nd7 3. Nc3 e5 4. Nf3 exd4 5. Nxd4 g6 6. e3 Bg7 7.
Be2 Ngf6 8. O-O O-O 9. b3 Ne5 10. Bb2 Bd7 11. f3 Re8 12. e4 a6 13. Qc2 h5 14.
Rac1 Bh6 15. Nd5 Nxd5 16. cxd5 Be3+ 17. Kh1 Bxc1 18. Bxc1 Kg7 19. Qd2 Rh8 20. Bb2 f6 21.
Rc1 c6 22. f4 Ng4 23. Bxg4 hxg4 24. f5 c5 25. Ne6+ Bxe6 26. dxe6 Qf8 27. Qg5 Rh6 28. Rd1 Qh8 29. Bxf6+ Kg8 30. Bxh8 Rxh8 31. Qxg6+ Kf8 32. Qf7# 1-0

[Event "Live Chess"]
[Site "Chess.com"]
[Date "2023.05.20"]
[Round "-"]
[White "alexlines8"]
[Black "viktorskliarov"]
[Result "0-1"]
[WhiteElo "1270"]
[BlackElo "2648"]
[TimeControl "300"]
[EndTime "10:12:41 PDT"]
[Termination "viktorskliarov won by checkmate"]

1. e4 c5 2. c3 d6 3. d4 Nf6 4. Bd3 g6 5. Be3 Qc7 6. Nf3 Bg7 7. O-O O-O 8. Nbd2 b6 9. b4 Bb7 10. bxc5 bxc5 11. d5 Ng4 12. Rb1 Nxe3 13. fxe3 Nd7 14. c4 Ne5 15. Nxe5 Bxe5 16. Nf3 Bg7 17.
Qb3 Bc8 18. Qc2 Bd7 19. Nd2 Rab8 20. Rxb8 Rxb8 21. Rb1 Rb4 22. a3 Rxb1+ 23. Qxb1 h5 24. Nf3 Bf6 25. g3 Kg7 26. Bc2 Bg4 27. Kg2 Qa5 28. Qb3 Bxf3+ 29. Kxf3 Qd2 30. h3 Be5 31. Qd3 Qe1 32. Qe2 Qxg3# 0-1

[Event "Live Chess"]
[Site "Chess.com"]
[Date "2023.05.20"]
[Round "-"]
[White "1600x"]
[Black "WilliamofOrange16th"]
[Result "1-0"]
[WhiteElo "1433"]
[BlackElo "1900"]
[TimeControl "300"]
[EndTime "10:12:42 PDT"]
[Termination "1600x won by resignation"]

1. d4 d5 2. Nc3 c6 3. e3 Nf6 4.
Bd3 e6 5. Nf3 Bd6 6. h3 O-O 7.
e4 dxe4 8. Bxe4 Nxe4 9. Nxe4 Be7 10. O-O Nd7 11. Bg5 Bxg5 12. Nexg5 h6 13. Ne4 Nf6 14. Ned2 b6 15. Nc4 Bb7 16. Nfe5 Rc8 17. a4 Qd5 18. f3 c5 19. Qe1 Qxd4+ 20. Kh2 Rfd8 21. g3 Ba6 22. Rd1 Qxd1 23. Qxd1 Rxd1 24. Rxd1 Nd5 25. Nd6 Rc7 26. Nb5 Bxb5 27. axb5 f6 28. Nc4 Kf7 29.
Kg2 Ke7 30. Kf2 Rd7 31. Ra1 Nb4 32. c3 Nd5 33. f4 g5 34. Kf3 Kf7 35. Nd6+ Ke7 36.
Nc8+ Kf7 37. fxg5 fxg5 38. Rxa7 Rxa7 39. Nxa7 Kf6 40. Nc8 c4 41. Nd6 e5 42. Nxc4 h5 43. Ke4 Nc7 44. Nxb6 Nxb5 45. c4 Nd6+ 46. Kd5 Nf5 47.
Nd7+ Ke7 48. Kxe5 Nxg3 49. Nf6 Kf7 50. c5 h4 51. c6 1-0

[Event "Live Chess"]
[Site "Chess.com"]
[Date "2023.05.20"]
[Round "-"]
[White "Greenbecker"]
[Black "gmnorfolk"]
[Result "0-1"]
[WhiteElo "1667"]
[BlackElo "2182"]
[TimeControl "300"]
[EndTime "10:12:42 PDT"]
[Termination "gmnorfolk won by checkmate"]

1. e4 e5 2. Nf3 Nc6 3. Bb5 a6 4. Ba4 Nf6 5. O-O Be7 6. Re1 b5 7. Bb3 O-O 8. c3 d5 9. exd5 Nxd5 10. Nxe5 Nxe5 11. Rxe5 c6 12. Bxd5 cxd5 13. Qe2 Bd6 14. Re3 f5 15. d4 f4 16. Rd3 Bf5 17. Rd1 Qh4 18. Nd2 Rae8 19. Nf3 Qh5 20. Qf1 Bg4 21. Qd3 Bf5 22. Qf1 g5 23. Bd2 Bg4 24. Qd3 Bf5 25.
Qf1 Be4 26. Qe2 g4 27. Ne1 f3 28. Qe3 Qxh2+ 29. Kf1 Bd3+ 30. Qxd3 Qh1# 0-1

[Event "Live Chess"]
[Site "Chess.com"]
[Date "2023.05.20"]
[Round "-"]
[White "Albul"]
[Black "Tilbs_12"]
[Result "1-0"]
[WhiteElo "2189"]
[BlackElo "1594"]
[TimeControl "300"]
[EndTime "10:12:49 PDT"]
[Termination "Albul won on time"]

1. e4 c6 2. d4 d5 3. e5 c5 4. c3 Nc6 5. Be3 cxd4 6. cxd4 Bf5 7. Bd3 Bg6 8. Ne2 e6 9. O-O Nge7 10. Nbc3 Nf5 11.
Qd2 Qb6 12. Bxf5 Bxf5 13. Ng3 Bg6 14. f4 Bb4 15. f5 exf5 16. Nxf5 O-O 17. g4 Rad8 18.
a3 Bxc3 19. bxc3 Bxf5 20. gxf5 Na5 21. Rab1 Qc6 22. Bg5 Nc4 23. Qg2 g6 24. Bxd8 Rxd8 25. f6 Qe6 26. Rf3 b6 27. a4 Na5 28. Qg5 Qe8 29.
Rh3 Qf8 30. Qh4 h5 31. Qg5 Kh7 32. Kf2 Qh6 33. Qxh6+ Kxh6 34. Re1 Kg5 35. Rf3 Nc4 36. e6 fxe6 37. Rxe6 Nd2 38. f7 Nxf3 39. Re8 Rd6 40. f8=Q 1-0

[Event "Live Chess"]
[Site "Chess.com"]
[Date "2023.05.20"]
[Round "-"]
[White "EdenHazard8"]
[Black "terrub10"]
[Result "1-0"]
[WhiteElo "2114"]
[BlackElo "516"]
[TimeControl "300"]
[EndTime "10:12:53 PDT"]
[Termination "EdenHazard8 won by checkmate"]

1. e4 e5 2. Qh5 g6 3. Qxe5+ Be7 4. Qxh8 Bb4 5. Qxg8+ Ke7 6. Qxd8+ Kxd8 7. c3 Bc5 8. d4 Bd6 9. Bc4 f5 10. e5 Bxe5 11.
dxe5 h5 12. Bf7 f4 13. Bxf4 g5 14. Bxg5# 1-0

[Event "Live Chess"]
[Site "Chess.com"]
[Date "2023.05.20"]
[Round "-"]
[White "Ferrarifan27"]
[Black "Jeffaroow"]
[Result "1-0"]
[WhiteElo "2105"]
[BlackElo "465"]
[TimeControl "300"]
[EndTime "10:13:05 PDT"]
[Termination "Ferrarifan27 won by resignation"]

1. e4 e5 2. Nf3 Nc6 3. Bb5 Bd6 4. O-O Nge7 5. d3 O-O 6. Nc3 a6 7. Bc4 b5 8. Bb3 Nd4 9. Nxd4 exd4 10. Ne2 Nc6 11.
Bf4 Qe7 12. a3 Ne5 13. Nxd4 Nf3+ 14. Qxf3 1-0

[Event "Live Chess"]
[Site "Chess.com"]
[Date "2023.05.20"]
[Round "-"]
[White "profpirate4"]
[Black "john_chandler"]
[Result "1-0"]
[WhiteElo "966"]
[BlackElo "804"]
[TimeControl "300"]
[EndTime "10:13:10 PDT"]
[Termination "profpirate4 won on time"]

1. d4 d5 2. c4 c6 3. Nc3 Nf6 4. e3 Bg4 5. Nf3 e6 6. cxd5 cxd5 7. h3 Bh5 8. Be2 Bb4 9. Ne5 Bxe2 10. Qxe2 O-O 11.
a3 Bxc3+ 12. bxc3 Qb6 13. Bd2 Na6 14. O-O Qc7 15. Rfb1 Ne4 16. Be1 Nxc3 17. Bxc3 Qxc3 18. Rc1 Qb3 19. Rcb1 Qa4 20. Rxb7 Qe8 21. Rab1 Qc8 22. Qxa6 Qc2 23. Nd7 Rfc8 24. Nc5 h6 25. Qf1 a5 26.
R7b2 Qc4 27. Rc1 Qxf1+ 28. Rxf1 1-0

[Event "Live Chess"]
[Site "Chess.com"]
[Date "2023.05.20"]
[Round "-"]
[White "Singapourfeuj"]
[Black "Conradical12"]
[Result "0-1"]
[WhiteElo "2246"]
[BlackElo "1523"]
[TimeControl "300"]
[EndTime "10:13:13 PDT"]
[Termination "Conradical12 won by resignation"]

1. d4 d5 2. c4 Nf6 3. Nf3 e6 4. Bg5 Nbd7 5. Nc3 Bb4 6. cxd5 exd5 7. Qb3 Qe7 8. e3 c6 9. Be2 O-O 10. O-O a5 11. a3 Bd6 12. h3 b5 13. Rac1 Bb7 14. a4 b4 15. Nb1 Ba6 16. Bxa6 Rxa6 17. Nbd2 Rc8 18. Rc2 Nb6 19. Rfc1 c5 20. dxc5 Bxc5 21.
Bxf6 gxf6 22. Qd3 Ra7 23. Qb5 Rac7 24. Qxa5 Kh8 25. Qb5 Rg8 26. a5 Nc4 27. Nxc4 dxc4 28. Rxc4 Bd6 29. Rxc7 Bxc7 30. a6 Qe4 31. Qc6 Qg6 32. Nh4 Qg5 33. Qxc7 Qxh4 34. a7 Qe4 35. Qb7 Qxb7 0-1

[Event "Live Chess"]
[Site "Chess.com"]
[Date "2023.05.20"]
[Round "-"]
[White "risinghelios"]
[Black "LutherSullivan"]
[Result "0-1"]
[WhiteElo "1943"]
[BlackElo "1849"]
[TimeControl "300"]
[EndTime "10:13:15 PDT"]
[Termination "LutherSullivan won by resignation"]

1. e4 c5 2. d4 cxd4 3. Nf3 Nc6 4. Nxd4 g6 5. Nxc6 bxc6 6. Nc3 Bg7 7. Bd2 e6 8. Bd3 d5 9. exd5 cxd5 10. O-O Ne7 11. Re1 O-O 12. Bg5 h6 13. Bxe7 Qxe7 14. Nxd5 Qb7 15. Nc3 Qxb2 16. Ne4 Qxa1 17. Qxa1 Bxa1 18. Rxa1 Bb7 19. Nd6 Bc6 20. Rd1 Rfd8 21. Bc4 Bd5 22. Bxd5 Rxd6 23. Bf3 Rxd1+ 24. Bxd1 Rb8 25. Kf1 Rb2 26.
Be2 Rb1+ 0-1

[Event "Live Chess"]
[Site "Chess.com"]
[Date "2023.05.20"]
[Round "-"]
[White "Driftboard"]
[Black "toog"]
[Result "0-1"]
[WhiteElo "660"]
[BlackElo "2638"]
[TimeControl "300"]
[EndTime "10:13:21 PDT"]
[Termination "toog won by checkmate"]

1. e4 c6 2. Nf3 d5 3. exd5 cxd5 4. Nc3 Nf6 5. Bb5+ Bd7 6. Bxd7+ Nbxd7 7. O-O e6 8. d3 Bd6 9. Bg5 O-O 10. Bxf6 Nxf6 11. h3 Rc8 12. a3 a6 13. Qd2 Qb6 14. Rfe1 Qxb2 15. Ra2 Qxc3 16. Qxc3 Rxc3 17. a4 Rfc8 18. Nd4 Bc5 19. Nb3 Ba7 20. Rc1 Rxb3 21. cxb3 Rxc1+ 22. Kh2 h5 23. Kg3 g5 24. h4 gxh4+ 25. Kxh4 Kg7 26. f3 Kg6 27. g4 hxg4 28. fxg4 Rg1 29. Rf2 Bxf2+ 30.
Kh3 Rg3+ 31. Kh2 Nxg4+ 32. Kh1 Rg1# 0-1

[Event "Live Chess"]
[Site "Chess.com"]
[Date "2023.05.20"]
[Round "-"]
[White "lightningorderyt"]
[Black "Horseymobile"]
[Result "0-1"]
[WhiteElo "534"]
[BlackElo "1250"]
[TimeControl "300"]
[EndTime "10:13:32 PDT"]
[Termination "Horseymobile won by checkmate"]

1. e4 c6 2. Nc3 d5 3. Nf3 dxe4 4.
Nxe4 Bf5 5. d3 Nf6 6. Nxf6+ exf6 7. g4 Bxg4 8. Bf4 Qd5 9. Qe2+ Be7 10. O-O-O Bxf3 11. Qd2 Bxh1 12. Bh3 Bf3 13. Re1 Qc5 14. Be3 Qd5 15. c4 Qe5 16. d4 Qxh2 17. Bf5 O-O 18. Qd3 Bb4 19. Rd1 Bxd1 20. Kxd1 Qg1+ 21. Ke2 Qe1+ 22. Kf3 Qh1+ 23. Kg3 Bd6+ 24. Bf4 Qg1+ 25. Kf3 Qh1+ 26. Ke2 Bxf4 27. Be4 Qh5+ 28. Bf3 Re8+ 29. Kd1 Qh2 30. Be2 Qg1+ 31. Bf1 Na6 32. Qh3 Qxf2 33. Qg2 Re1# 0-1

[Event "Live Chess"]
[Site "Chess.com"]
[Date "2023.05.20"]
[Round "-"]
[White "Tema1107"]
[Black "KuriyamaMiraiUA"]
[Result "1-0"]
[WhiteElo "1983"]
[BlackElo "655"]
[TimeControl "300"]
[EndTime "10:13:36 PDT"]
[Termination "Tema1107 won by checkmate"]

1. d4 d5 2. c4 c5 3. dxc5 dxc4 4. Qa4+ Bd7 5. Qxc4 e5 6. Nc3 Nc6 7. Nf3 Nf6 8. Bg5 Be7 9. Bxf6 Bxf6 10. O-O-O O-O 11. g4 Na5 12. Qb4 Rc8 13. h4 Be7 14. Nxe5 Bxc5 15.
Qf4 Rc7 16. g5 g6 17. Bh3 f5 18. gxf6 Rf7 19. Be6 Qxf6 20. Qxf6 Bxe6 21. Qxe6 Bxf2 22. Rd8+ Kg7 23. Nxf7 Rxf7 24. Rd7 Rxd7 25. Qxd7+ Kh6 26. Ne4 Be3+ 27. Kb1 Nc4 28. Ng5 Nd2+ 29. Kc2 Nc4 30. Qxh7# 1-0

[Event "Live Chess"]
[Site "Chess.com"]
[Date "2023.05.20"]
[Round "-"]
[White "Ian-Morley"]
[Black "siddu198"]
[Result "0-1"]
[WhiteElo "1034"]
[BlackElo "1611"]
[TimeControl "300"]
[EndTime "10:13:36 PDT"]
[Termination "siddu198 won by checkmate"]

1. e4 d5 2. exd5 Qxd5 3. d4 Qd8 4. Nc3 Bf5 5. g3 Nf6 6. Bg2 c6 7. d5 cxd5 8. Nxd5 Nc6 9. Nxf6+ exf6 10. Qxd8+ Rxd8 11.
Bxc6+ bxc6 12. c3 Be4 13. f3 Bd3 14. Kf2 Bc5+ 15. Kg2 O-O 16. b4 Bb6 17. a4 a5 18.
bxa5 Bxa5 19. c4 Bxc4 20. Bf4 Bd2 21. Rb1 Bxf4 22. gxf4 Rd2+ 23. Kg3 Ra2 24. Rc1 Bd5 25. Ne2 Rxe2 26. a5 Ra2 27. Rhe1 Rxa5 28. Re7 Ra3 29.
Kg4 Bxf3+ 30. Kf5 g6+ 31. Kxf6 Ra5 32. f5 Rxf5# 0-1

[Event "Live Chess"]
[Site "Chess.com"]
[Date "2023.05.20"]
[Round "-"]
[White "Nazarenko_vital"]
[Black "ClassyChameleon"]
[Result "1-0"]
[WhiteElo "1588"]
[BlackElo "1042"]
[TimeControl "300"]
[EndTime "10:13:39 PDT"]
[Termination "Nazarenko_vital won by checkmate"]

1. e4 e5 2. Nf3 Nc6 3. d4 Nxd4 4. Nxd4 exd4 5. Qxd4 Nf6 6. Nc3 Be7 7. Bf4 O-O 8. Bd3 c5 9. Qe3 d5 10. e5 Nh5 11. Ne2 c4 12. Bxh7+ Kxh7 13. O-O-O Qa5 14.
Bg5 Bc5 15. Qf3 Be6 16. Qxh5+ Kg8 17. Bf6 Qxa2 18. Qg5 g6 19. Qh4 Be3+ 20. fxe3 Qa1+ 21. Kd2 Qxd1+ 22. Kxd1 Bg4 23. Qh8# 1-0

[Event "Live Chess"]
[Site "Chess.com"]
[Date "2023.05.20"]
[Round "-"]
[White "Supertromp"]
[Black "KeithArkell"]
[Result "0-1"]
[WhiteElo "2169"]
[BlackElo "2611"]
[TimeControl "300"]
[EndTime "10:13:40 PDT"]
[Termination "KeithArkell won on time"]

1. e4 c6 2. d4 d5 3. exd5 cxd5 4. Bd3 Nf6 5. Bf4 Nc6 6. c3 Bg4 7. Qb3 Qd7 8. Nd2 e6 9. Ngf3 Bxf3 10. Nxf3 Bd6 11. Ne5 Qc7 12. Bb5 Nh5 13. g3 Nxf4 14.
gxf4 O-O 15. Bd3 f6 16. Ng4 Bxf4 17. Qd1 f5 18. Ne3 Bxe3 19. fxe3 e5 20. Qb3 Rad8 21. dxe5 Qxe5 22. O-O-O Qxe3+ 23. Kb1 Qb6 24. Qc2 g6 25. h4 Rc8 26. Qg2 d4 27. h5 dxc3 28. b3 Ne5 29. hxg6 Nxg6 30. Kc2 Qa5 31. a4 Rf7 32. Rdf1 Qb4 33.
Rh6 Rg7 34. Qd5+ Kh8 35. Bxf5 Rf8 36. Rxg6 Rxg6 37. Bxg6 Rxf1 38. Qe5+ Kg8 39. Be4 Rf2+ 40. Kd3 Rd2+ 41. Ke3 Qb6+ 42. Kf3 Qf2+ 43. Kg4 Qg1+ 44.
Kf5 Qg6+ 45. Kf4 Rf2+ 46. Ke3 Qg3+ 47. Kd4 Rd2+ 48. Kc4 Qg7 49. Bd5+ Rxd5 50. Qxd5+ Qf7 51. Qxf7+ Kxf7 52. Kxc3 Ke6 53. Kc4 Ke5 54. Kb4 h5 55. a5 h4 56. Ka4 h3 57. b4 a6 58.
b5 axb5+ 59. Kxb5 h2 60. Kb6 h1=Q 61. Ka7 Qc6 62. a6 Qxa6+ 63. Kb8 b5 64. Kc7 Qe6 0-1

[Event "Live Chess"]
[Site "Chess.com"]
[Date "2023.05.20"]
[Round "-"]
[White "JoshMcK"]
[Black "MartynColebrook"]
[Result "1-0"]
[WhiteElo "1543"]
[BlackElo "1142"]
[TimeControl "300"]
[EndTime "10:13:42 PDT"]
[Termination "JoshMcK won by resignation"]

1. e4 d5 2. exd5 Qxd5 3. Nc3 Qa5 4. d4 e5 5. dxe5 Qxe5+ 6. Qe2 Qxe2+ 7. Bxe2 Nc6 8. Bf4 Bd6 9. Bxd6 cxd6 10. O-O-O Ke7 11. Nb5 Nf6 12. Nxd6 Bf5 13. Nxf5+ Ke6 14. Nxg7+ 1-0

[Event "Live Chess"]
[Site "Chess.com"]
[Date "2023.05.20"]
[Round "-"]
[White "AKRJourno"]
[Black "KGreenGator"]
[Result "0-1"]
[WhiteElo "750"]
[BlackElo "1768"]
[TimeControl "300"]
[EndTime "10:13:44 PDT"]
[Termination "KGreenGator won by checkmate"]

1. e4 c5 2. f4 e6 3. Nc3 Nc6 4. Nf3 Nf6 5. e5 Ng4 6. Ng5 h5 7. Nce4 Be7 8. h4 d5 9. exd6 Bxd6 10. Bb5 Bxf4 11. Bxc6+ bxc6 12. Nxc5 Qd4 13. Nf3 Qf2# 0-1

[Event "Live Chess"]
[Site "Chess.com"]
[Date "2023.05.20"]
[Round "-"]
[White "AttackingSnowLeopard"]
[Black "HoarseyHorsey"]
[Result "1-0"]
[WhiteElo "2061"]
[BlackElo "1387"]
[TimeControl "300"]
[EndTime "10:13:59 PDT"]
[Termination "AttackingSnowLeopard won by resignation"]

1. d4 Nf6 2. c4 e6 3. Nf3 d5 4.
Nc3 c5 5. cxd5 exd5 6. g3 Nc6 7.
Bg2 Bg4 8. O-O Bd6 9. dxc5 Bxc5 10. Bg5 d4 11. Ne4 Be7 12. Nxf6+ Bxf6 13. Bxf6 Qxf6 14. h3 Be6 15. Nd2 O-O 16. Ne4 Qe5 17.
f4 Qb5 18. Ng5 Bd5 19. Bxd5 Qxd5 20. e4 Qc5 21. Rc1 Qb5 22. a4 Qb4 23. Qd3 Rac8 24. e5 g6 25. Ne4 Qe7 26. Nf6+ Kg7 27. h4 Rfd8 28. h5 Nb4 29. Qd2 d3 30. hxg6 hxg6 31.
Qh2 1-0

[Event "Live Chess"]
[Site "Chess.com"]
[Date "2023.05.20"]
[Round "-"]
[White "alanmike75"]
[Black "mightysmasher"]
[Result "0-1"]
[WhiteElo "1483"]
[BlackElo "2097"]
[TimeControl "300"]
[EndTime "10:14:03 PDT"]
[Termination "mightysmasher won by resignation"]

1. e4 e6 2. Nf3 d5 3. exd5 exd5 4. d4 Nf6 5. Be2 Bd6 6. O-O O-O 7. Bg5 Bg4 8. Nbd2 Nbd7 9. Ne5 Bxe5 10. dxe5 Nxe5 11. Bxg4 Nexg4 12. Nf3 h6 13. h3 hxg5 14. hxg4 Nxg4 15. Nd4 Nf6 16. Nf5 Qd7 17. Qf3 g6 0-1

[Event "Live Chess"]
[Site "Chess.com"]
[Date "2023.05.20"]
[Round "-"]
[White "daveeeeR"]
[Black "OBrightwell100"]
[Result "1-0"]
[WhiteElo "1272"]
[BlackElo "1300"]
[TimeControl "300"]
[EndTime "10:14:09 PDT"]
[Termination "daveeeeR won by checkmate"]

1. d4 d5 2. Bf4 c5 3. Nf3 Nf6 4. e3 e6 5. c3 Nc6 6. Nbd2 Bd6 7. Bg3 O-O 8. Bd3 b5 9. h4 c4 10. Bc2 a5 11. Be5 a4 12. a3 Na5 13. Bxf6 Qxf6 14. e4 Nb3 15. e5 Qd8 16. exd6 Nxa1 17. Bxh7+ Kxh7 18. Ng5+ Kg8 19. Qh5 Re8 20. Qxf7+ Kh8 21. Qh5+ Kg8 22. Qf7+ Kh8 23. Rh3 Rf8 24. Qh5+ Kg8 25.
Qh7# 1-0

[Event "Live Chess"]
[Site "Chess.com"]
[Date "2023.05.20"]
[Round "-"]
[White "flyingpuffins"]
[Black "TheSmoulderingMaster"]
[Result "1-0"]
[WhiteElo "1962"]
[BlackElo "1788"]
[TimeControl "300"]
[EndTime "10:14:10 PDT"]
[Termination "flyingpuffins won by resignation"]

1. e4 c5 2. Nf3 d6 3. d4 cxd4 4. Nxd4 Nf6 5. Nc3 g6 6. f4 Bg7 7. e5 Nfd7 8. e6 Nf6 9. exf7+ Kxf7 10. Be3 Rf8 11. Qd2 Kg8 12. O-O-O Ng4 13. Bc4+ Kh8 14. Bg1 Nc6 15. h3 Nf6 16. g4 Nxd4 17. Bxd4 Bd7 18. g5 Nh5 19. Bxg7+ Nxg7 20. h4 Nf5 21. h5 Be8 22. hxg6 Bxg6 23. Bd3 Qb6 24. Bxf5 Bxf5 25. Rdg1 Rac8 26. g6 Bh3 27. g7+ Kg8 28. gxf8=Q+ Kxf8 29. Qh2 Bf5 30. Qh6+ Ke8 31. Rg8+ Kd7 32. Rxc8 Kxc8 33. Qf8+ 1-0

[Event "Live Chess"]
[Site "Chess.com"]
[Date "2023.05.20"]
[Round "-"]
[White "Prijmak"]
[Black "Olisingapore"]
[Result "0-1"]
[WhiteElo "979"]
[BlackElo "1944"]
[TimeControl "300"]
[EndTime "10:14:12 PDT"]
[Termination "Olisingapore won by resignation"]

1. e4 c5 2. Nf3 d6 3. d4 cxd4 4.
Nxd4 Nf6 5. Nc3 a6 6. Bd3 e5 7. Nb3 Be7 8. Be3 Be6 9. Qe2 Nbd7 10. O-O b5 11. a3 Rc8 12. Rac1 Bg4 13. f3 Be6 14.
Rfd1 h5 15. Na2 d5 16. Bg5 d4 17. Nb4 a5 18. Nd5 Nxd5 19. exd5 Bxg5 20. Rb1 Be3+ 21.
Kf1 Bxd5 22. Bxb5 Qh4 23. h3 O-O 24. Nxa5 e4 25. fxe4 Qf4+ 26. Ke1 Qg3+ 27. Kf1 Bxe4 28. Bxd7 Qh2 29. Qf2 Qh1+ 30. Ke2 Rxc2+ 0-1

[Event "Live Chess"]
[Site "Chess.com"]
[Date "2023.05.20"]
[Round "-"]
[White "jagbama"]
[Black "ProfPoisson"]
[Result "1-0"]
[WhiteElo "1139"]
[BlackElo "1079"]
[TimeControl "300"]
[EndTime "10:14:14 PDT"]
[Termination "jagbama won by checkmate"]

1. e4 e5 2. Nf3 Nf6 3. Bc4 Nxe4 4. Qe2 d5 5. Nxe5 Bd6 6. Bxd5 Bxe5 7.
Bxe4 O-O 8. O-O Nc6 9. Bxc6 bxc6 10. Qxe5 Re8 11. Qc3 Qg5 12. d4 Qg6 13. Bf4 Bh3 14. Qxh3 Qxc2 15. Nd2 Qxb2 16. Rab1 Qxd4 17. Be3 Qf6 18. Rb7 Rad8 19. Rxc7 Qb2 20. Nf3 Qc2 21. Ng5 h6 22. Nxf7 Rd1 23. Nxh6+ Kf8 24. Rf7# 1-0

[Event "Live Chess"]
[Site "Chess.com"]
[Date "2023.05.20"]
[Round "-"]
[White "ReeceHockton"]
[Black "vinni3012"]
[Result "0-1"]
[WhiteElo "331"]
[BlackElo "1865"]
[TimeControl "300"]
[EndTime "10:14:16 PDT"]
[Termination "vinni3012 won by resignation"]

1. d4 d5 2. e3 Nf6 3. Nf3 Bg4 4. Be2 Nbd7 5. h3 Bh5 6. O-O e6 7. Nc3 c6 8. b4 Bxb4 9. a3 Bxc3 10. Bd2 Bxa1 11.
Qxa1 Ne4 12. Bd3 Bxf3 13. gxf3 Nxd2 14. Rd1 Qg5+ 15. Kh2 Nxf3+ 16. Kh1 0-1

[Event "Live Chess"]
[Site "Chess.com"]
[Date "2023.05.20"]
[Round "-"]
[White "HD_IN4k"]
[Black "NAZRIZ1977"]
[Result "0-1"]
[WhiteElo "278"]
[BlackElo "2132"]
[TimeControl "300"]
[EndTime "10:14:17 PDT"]
[Termination "NAZRIZ1977 won by checkmate"]

1. d4 Nf6 2. c4 c5 3. dxc5 g6 4. e3 Bg7 5. Bd3 O-O 6. f3 Nc6 7. e4 Qa5+ 8. Bd2 Qxc5 9. a3 a5 10.
Nh3 d6 11. f4 Bxh3 12. gxh3 Qh5 13. Qxh5 Nxh5 14. f5 Bxb2 15. Ra2 Bg7 16. fxg6 hxg6 17.
e5 Nxe5 18. Bxg6 fxg6 19. Nc3 Nxc4 20. Nd5 Nxd2 21. Nxe7+ Kh7 22. Kxd2 Rf2+ 23. Kc1 Rxa2 24. Kb1 Rg2 25. h4 Re8 26. Nd5 Ree2 27. Nc3 Bxc3 28. Kc1 Ra2 29. Kb1 Ra1# 0-1

[Event "Live Chess"]
[Site "Chess.com"]
[Date "2023.05.20"]
[Round "-"]
[White "Ninifu"]
[Black "stevefairhurst"]
[Result "1-0"]
[WhiteElo "1981"]
[BlackElo "544"]
[TimeControl "300"]
[EndTime "10:14:19 PDT"]
[Termination "Ninifu won by checkmate"]

1. d4 d5 2. e4 dxe4 3. Nc3 f5 4.
f3 exf3 5. Nxf3 Be6 6. Bd3 Nc6 7. O-O f4 8. d5 Bxd5 9. Nxd5 e6 10. Nxf4 Nd4 11. Kh1 e5 12. Nxe5 Qg5 13. Nd5 Qxe5 14. Re1 Nxc2 15. Rxe5+ Kd7 16. Bxc2 Bd6 17. Qg4+ Kc6 18.
Ba4+ b5 19. Qc4+ Bc5 20. Bxb5+ Kb7 21. Qxc5 Rf8 22. Qxc7+ Ka8 23. Bc6# 1-0